 Dungeon Crawl Stone Soup version 0.22.0-49-gab54619674 (webtiles) character file.

345 JedernureinKreuz the Conjurer (level 6, 0/32 HPs)
             Began as a Deep Elf Conjurer on Sept 7, 2018.
             Slain by an ice beast (5 damage)
             ... on level 6 of the Dungeon.
             The game lasted 00:22:58 (3964 turns).

JedernureinKreuz the Conjurer (Deep Elf Conjurer)   Turns: 3964, Time: 00:22:58

Health: 0/32       AC:  6    Str:  8    XL:     6   Next: 32%
Magic:  6/14       EV: 14    Int: 22    God:
Gold:   126        SH:  4    Dex: 15    Spells: 10/14 levels left

rFire    . . .     SeeInvis +   l - +0 dagger (drain)
rCold    . . .     Gourm    .   n - +0 buckler
rNeg     . . .     Faith    .   a - +0 robe
rPois    .         Spirit   .   (no helmet)
rElec    .         Reflect  .   (no cloak)
rCorr    .         Harm     .   k - +2 pair of gloves {Str+3}
MR       .....                  u - +0 pair of boots
Stlth    +++.......             (no amulet)
HPRegen  0.10/turn              E - ring of see invisible
MPRegen  0.14/turn              (no ring)

@: very slightly contaminated
A: no striking features
a: no special abilities


You were on level 6 of the Dungeon.
You were not hungry.

You visited 1 branch of the dungeon, and saw 6 of its levels.

You collected 126 gold pieces.

Inventory:

Hand Weapons
 e - a +0 short sword
 l - a +0 dagger of draining (weapon)
 t - a cursed -3 spear
 y - a +0 shortbow
 F - a +1 trident of venom (quivered)
Missiles
 B - 76 arrows
Armour
 a - a +0 robe (worn)
 b - a +0 pair of gloves
 k - a +2 pair of gloves of strength (worn)
 n - a +0 buckler (worn)
 u - a +0 pair of boots (worn)
Jewellery
 w - an uncursed amulet of rage
 E - a ring of see invisible (left hand)
 G - the ring "Nupokok" {Str-2 Int+5 Dex+2 Stlth-, unknown}
   (You found it on level 5 of the Dungeon)

   [ring of attention]

   It affects your strength (-2).
   It affects your intelligence (+5).
   It affects your dexterity (+2).
   It makes you less stealthy.
Wands
 C - a wand of acid (8)
Scrolls
 h - 3 scrolls of teleportation {unknown}
 i - 4 scrolls of identify {unknown}
 j - a scroll of random uselessness {unknown}
 m - a scroll of fog {unknown}
 o - 2 scrolls of immolation {unknown}
 s - 3 scrolls of remove curse {unknown}
 v - a scroll of amnesia {unknown}
Potions
 d - 3 potions of degeneration {unknown}
 f - 2 potions of heal wounds {unknown}
 g - a potion of mutation {unknown}
 p - a potion of flight {unknown}
 q - a potion of resistance {unknown}
 r - a potion of haste {unknown}
 x - 2 potions of brilliance {unknown}
 z - a potion of curing
 A - 2 potions of agility {unknown}
Comestibles
 c - 11 rations


   Skills:
 + Level 2.1 Short Blades
 + Level 4.1 Dodging
 + Level 3.9 Stealth
 + Level 1.7 Shields
 + Level 4.5 Spellcasting
 + Level 5.4 Conjurations


You had 10 spell levels left.
You knew the following spells:

 Your Spells              Type           Power        Failure   Level  Hunger
a - Magic Dart            Conj           ####         1%          1    None
b - Dazzling Spray        Conj/Hex       ###...       14%         3    ##.....

Your spell library contained the following spells:

 Spells                   Type           Power        Failure   Level  Hunger
 Searing Ray              Conj           ####..       2%          2    #......
 Iskenderun's Mystic Bla  Conj           ####....     14%         4    ####...
 Force Lance              Conj/Tloc      ###.....     41%         4    ####...
 Fulminant Prism          Conj/Hex       ###.......   41%         4    ####...


Dungeon Overview and Level Annotations

Branches:
Dungeon (6/15)
 Temple: D:4-7

Altars:
Yredelemnul

Portals:
Sewer: D:4

Annotations:
D:3 2 transporters, NeonDemon's ghost, amateur HaBe


Message History

The ice beast misses you.
You hit the ice beast but do no damage.
The ice beast is moderately wounded.
The ice beast closely misses you.
You hit the ice beast.
The ice beast is moderately wounded.
The ice beast hits you. The ice beast freezes you!
You hit the ice beast but do no damage. You drain the ice beast!
The ice beast is heavily wounded.
You block the ice beast's attack.
You barely miss the ice beast.
The ice beast is heavily wounded.
The ice beast hits you. The ice beast freezes you!
* * * LOW HITPOINT WARNING * * *
You hit the ice beast.
The ice beast is heavily wounded.
The ice beast hits you.
* * * LOW HITPOINT WARNING * * *
The ice beast freezes you.
You die...

..# ###.# #....
#.#.### #.#.#.##
##.#....#
##.#.##.##
#.####.###.#.###.#
#..Y@.## ##....>.#
#...##.###.#.#####
....... ##<#.##.#
.###... ##.###.#
#........# #..
########## #.# ..#
.#


You could see an ice beast.

Vanquished Creatures
  A centaur (D:3)
  An iguana (D:4)
  Natasha (thrice) (D:2)
  A worker ant (D:4)
  Robin (D:2)
  4 adders
  2 oozes
  A worm (D:4)
  2 dart slugs
  3 leopard geckos (D:2)
  2 orcs (D:3)
  A ball python (D:4)
  4 giant cockroaches
  14 goblins
  5 hobgoblins
  7 jackals
  2 quokkas
  8 bats
  3 frilled lizards
  5 kobolds
  5 rats
75 creatures vanquished.

Notes
Turn   | Place    | Note
-------+----------+-------------------------------------------
     0 | D:1      | JedernureinKreuz the Deep Elf Conjurer began the quest for
                  | the Orb.
     0 | D:1      | Reached XP level 1. HP: 10/10 MP: 6/6
   175 | D:1      | Reached XP level 2. HP: 15/15 MP: 5/8
   687 | D:2      | Noticed Robin
   959 | D:2      | Killed Robin
   964 | D:1      | Reached XP level 3. HP: 11/19 MP: 1/9
  1467 | D:2      | Reached skill level 1 in Short Blades
  1657 | D:2      | Reached XP level 4. HP: 24/24 MP: 3/11
  1880 | D:2      | Reached skill level 5 in Conjurations
  2139 | D:2      | Noticed Natasha
  2171 | D:1      | Learned a level 3 spell: Dazzling Spray
  2214 | D:2      | Killed Natasha
  2418 | D:2      | Noticed Natasha
  2425 | D:2      | Killed Natasha
  2425 | D:2      | Reached skill level 1 in Shields
  2491 | D:2      | Noticed Natasha
  2506 | D:2      | Killed Natasha
  2506 | D:2      | Reached XP level 5. HP: 19/28 MP: 6/13
  2621 | D:3      | Found a transporter.
  2621 | D:3      | Noticed NeonDemon's ghost (amateur HaBe)
  2632 | D:3      | Found a transporter.
  2870 | D:3      | Found a basalt altar of Yredelemnul.
  3058 | D:3      | Noticed a centaur
  3066 | D:3      | Killed a centaur
  3066 | D:3      | Reached XP level 6. HP: 13/32 MP: 5/14
  3685 | D:4      | Found a glowing drain.
  3795 | D:5      | Entered Level 5 of the Dungeon
  3921 | D:5      | Got a glittering granite ring
  3950 | D:6      | Noticed an ice beast
  3964 | D:6      | Slain by an ice beast

Skill      XL: |  1  2  3  4  5 |
---------------+----------------+-----
Short Blades   | 1 2 |  2.1
Dodging        | 3 4 |  4.1
Stealth        | 3 |  3.9
Conjurations   | 5 |  5.4
Shields        | 1 |  1.7
Spellcasting   | 4 |  4.5

Action                   |  1- 3 |  4- 6 || total
-------------------------+-------+-------++-------
Melee: Short sword       |     4 |       ||     4
       Dagger            |    18 |    59 ||    77
 Cast: Magic Dart        |    70 |    84 ||   154
       Dazzling Spray    |       |     7 ||     7
 Stab: Invisible         |       |     3 ||     3
  Eat: Ration            |     1 |     1 ||     2
       Chunk             |       |     3 ||     3
Armor: Robe              |    12 |     8 ||    20
Dodge: Dodged            |    31 |    46 ||    77
Block: Buckler           |       |     5 ||     5
